 Dungeon Crawl Stone Soup version 0.24-a0-139-geb6712d (webtiles) character file.

98 wilfster70 the Insei (level 4, -8/28 HPs)
             Began as an Octopode Transmuter on Jan 24, 2019.
             Killed from afar by an orc wizard (9 damage)
             ... with a magic dart
             ... on level 3 of the Dungeon on Mar 1, 2019.
             The game lasted 00:07:30 (2713 turns).

wilfster70 the Insei (Octopode Transmuter)          Turns: 2713, Time: 00:07:31

Health: -8/28      AC:  1    Str:  9    XL:     4   Next: 71%
Magic:  8/8        EV: 13    Int: 16    God:
Gold:   217        SH:  0    Dex: 12    Spells: 6/9 levels left

rFire    . . .     SeeInvis .     - Unarmed
rCold    . . .     Gourm    .   (no shield)
rNeg     . . .     Faith    .   (helmet restricted)
rPois    +         Spirit   .   (no amulet)
rElec    .         Reflect  .   j - ring of poison resistance
rCorr    .         Harm     .   (no ring)
MR       .....                  (no ring)
Stlth    +++.......             (no ring)
HPRegen  0.09/turn              (no ring)
MPRegen  0.11/turn              (no ring)
                                (no ring)
                                (no ring)

@: no status effects
A: almost no armour, stealthy swim, amphibious, 8 rings, constrict 8, camouflage
1, gelatinous body 1
a: no special abilities


You were on level 3 of the Dungeon.
You were hungry.

You visited 1 branch of the dungeon, and saw 3 of its levels.

You collected 217 gold pieces.

Inventory:

Missiles
 a - 34 arrows
 e - 82 stones (quivered)
Armour
 f - a +0 shield
Jewellery
 j - a ring of poison resistance (left tentacle)
Wands
 q - a wand of random effects (17)
Scrolls
 b - 2 scrolls of teleportation {unknown}
 k - a scroll of magic mapping {unknown}
 l - a scroll of fog {unknown}
 m - a scroll of enchant armour {unknown}
Potions
 d - a potion of curing {unknown}
 g - a potion of magic {unknown}
 h - a potion of lignification {unknown}
 i - 3 potions of degeneration {unknown}
 n - a potion of resistance {unknown}
 o - a potion of haste {unknown}
 p - a potion of might {unknown}
Comestibles
 c - 4 rations


   Skills:
 - Level 1.5 Fighting
 - Level 2.0 Dodging
 - Level 1.5 Stealth
 - Level 3.2 Unarmed Combat
 + Level 3.1 Spellcasting
 + Level 3.2 Transmutations


You had 6 spell levels left.
You knew the following spells:

 Your Spells              Type           Power        Failure   Level  Hunger
a - Beastly Appendage     Tmut           ##....       4%          1    #......
b - Sticks to Snakes      Tmut           ##......     8%          2    ##.....

Your spell library contained the following spells:

 Spells                   Type           Power        Failure   Level  Hunger
 Spider Form              Tmut/Pois      #.........   28%         3    ###....
 Ice Form                 Ice/Tmut       #.......     67%         4    #####..
 Blade Hands              Tmut           ##........   80%         5    ######.


Dungeon Overview and Level Annotations

Branches:
Dungeon (3/15)

Altars:

Annotations:
D:1 exclusion: downstairs
D:2 Sigmund


Innate Abilities, Weirdness & Mutations

You cannot wear most types of armour.
You are very stealthy in the water. (Stealth+)
You are amphibious.
You can wear up to eight rings at the same time.
You can use your tentacles to constrict eight enemies at once.
Your skin changes colour to match your surroundings (Stealth+).
Your rubbery body absorbs attacks. (AC +1, EV +1)


Message History

You constrict the orc wizard, but do no damage.
The orc wizard casts a spell at you. The magic dart hits you!
* * * LOW HITPOINT WARNING * * *
You tentacle-slap the orc wizard. You squeeze the orc wizard.
The orc wizard is heavily wounded.
You constrict the orc wizard. The orc wizard barely misses you.
You completely miss the orc wizard.
The orc wizard is severely wounded.
You constrict the orc wizard, but do no damage.
The orc wizard misses you. The orc wizard barely misses you.
You tentacle-slap the orc wizard.
The orc wizard is almost dead.
You constrict the orc wizard.
You kill the orc wizard!
Your Spellcasting skill increases to level 3!
Your Transmutations skill increases to level 3!
The orc wizard gestures at you while chanting.
The magic dart hits you!
You die...

### ######### # #..
.......[. ###.##..
.......#.# .......##
##..........
#((###.....$....#
#o()#...........#
#..#@.......><..#
#.)....####)........
#..##.## #......##
#o o.# #.......# .o
#### #.......# .o
#.#.<...# .
#.##...## #.###..#
#.###..####


You could see an orc wizard.

Vanquished Creatures
  An orc wizard (D:3)
  An adder (D:2)
  2 oozes (D:1)
  3 dart slugs
  An orc (D:3)
  6 bats
  3 giant cockroaches
  10 goblins
  2 hobgoblins
  5 kobolds
  A ball python (D:1)
  4 frilled lizards
  8 rats
47 creatures vanquished.

Vanquished Creatures (others)
  5 toadstools (D:2)
5 creatures vanquished.

Grand Total: 52 creatures vanquished

Notes
Turn   | Place    | Note
-------+----------+-------------------------------------------
     0 | D:1      | wilfster70 the Octopode Transmuter began the quest for the
                  | Orb.
     0 | D:1      | Reached XP level 1. HP: 13/13 MP: 3/3
   276 | D:1      | Reached XP level 2. HP: 15/18 MP: 5/5
   284 | D:1      | Learned a level 2 spell: Sticks to Snakes
   284 | D:1      | Upgraded the game from 0.23-a0-837-ga3e6480 to
                  | 0.24-a0-139-geb6712d
   376 | D:1      | Reached skill level 1 in Stealth
   783 | D:1      | Reached XP level 3. HP: 21/23 MP: 6/6
  1557 | D:2      | Noticed Sigmund
  2365 | D:2      | Reached XP level 4. HP: 15/28 MP: 6/8
  2710 | D:3      | HP: 1/28 [orc wizard/magic dart (7)]
  2713 | D:3      | Killed from afar by an orc wizard

Levels and vault maps discovered:
D:1:      shiori_shiawase, hex_medium, corner_web_ring
D:2:      layout_rooms, glass_columns_c, columned_hall_lemuel,
          minmay_gold_behind_fungi, uniq_sigmund
D:3:      layout_loops_ring, overflow_temple_1_default, old_standard_altar

Skill      XL: |  1  2  3  4 |
---------------+-------------+-----
Stealth        | 1 |  1.5
Spellcasting   | 3 |  3.1
Transmutations | 3 |  3.2
Fighting       | |  1.5
Dodging        | |  2.0
Unarmed Combat | |  3.2

Action                   |  1- 3 |  4- 6 || total
-------------------------+-------+-------++-------
Melee: Unarmed           |   104 |    15 ||   119
       Constrict         |    28 |     3 ||    31
       Tentacles         |    15 |     3 ||    18
       Kick              |     1 |       ||     1
       Punch             |     1 |       ||     1
 Cast: Beastly Appendage |     1 |       ||     1
 Stab: Sleeping          |     8 |       ||     8
       Distracted        |     1 |       ||     1
  Eat: Chunk             |     4 |     1 ||     5
Armor: Skin              |    16 |       ||    16
Dodge: Dodged            |    73 |    14 ||    87

Table legend:
 A = Non-vault XP
 B = Vault XP
 C = Vault XP percentage of total XP
 D = Non-vault monster count
 E = Vault monster count
 F = Vault count percentage of total count
                 A         B        C        D         E       F
            +---------+---------+-------+---------+---------+-------
      Total |     141 |       0 |   0.0 |      47 |       0 |   0.0
            +---------+---------+-------+---------+---------+-------
        D:1 |      56 |       0 |   0.0 |      28 |       0 |   0.0
        D:2 |      37 |       0 |   0.0 |      14 |       0 |   0.0
        D:3 |      48 |       0 |   0.0 |       5 |       0 |   0.0
            +---------+---------+-------+---------+---------+-------
